 Dungeon Crawl Stone Soup version 0.19.1 (webtiles) character file.

67097 omegacute the Warrior (level 15, -11/205 HPs)
             Began as a Merfolk Berserker on Nov 29, 2016.
             Was a High Priest of Trog.
             Mangled by a sun demon (19 damage)
             ... summoned by an orc sorcerer
             ... on level 2 of the Orcish Mines.
             The game lasted 02:11:24 (25972 turns).

omegacute the Warrior (Merfolk Berserker)          Turns: 25972, Time: 02:11:25

Health: -11/205    AC:  8    Str: 33    XL:     15   Next: 22%
Magic:  6/6        EV: 11    Int:  8    God:    Trog [*****.]
Gold:   1817       SH:  0    Dex: 14    Spells: 0 memorised, 14 levels left

rFire  . . .     SeeInvis .     I - +3 bardiche (antimagic)
rCold  . . .     Gourm    .     O - +0 chain mail of the Iron City of Dis {Str+4}
rNeg   . . .     Faith    +     (shield currently unavailable)
rPois  .         Spirit   .     M - +0 helmet of the Tick {+Blink Int+2 Stlth+}
rElec  .         Reflect  .     Q - +2 cloak {MR+}
rCorr  +         Harm     .     R - +0 pair of gloves
MR     ++++.                    w - +0 pair of boots
Stlth  ..........               j - amulet of faith
                                G - ring of flight
                                D - ring of resist corrosion

@: berserking, corroded, regenerating, very quick
A: change form in water, swift swim, stealthy swim
a: Berserk, Trog's Hand, Brothers in Arms, Burn Spellbooks, Renounce Religion,
Evoke Blink, Evoke Flight


You were on level 2 of the Orcish Mines.
You worshipped Trog.
Trog was extremely pleased with you.
You were near starving.

You visited 4 branches of the dungeon, and saw 19 of its levels.

You collected 1911 gold pieces.
You spent 94 gold pieces at shops.

Inventory:

Hand Weapons
 E - the +1 trident "Caaxt" {elec, rPois rF+ Dex+2}
   (You found it on level 10 of the Dungeon)

   Occasionally, upon striking a foe, it will discharge some electrical energy
   and cause terrible harm.
   It affects your dexterity (+2).
   It protects you from fire.
   It protects you from poison.
 I - a +3 antimagic bardiche (weapon)
Armour
 r - a +2 shield
 w - a +0 pair of boots (worn)
 M - the +0 helmet of the Tick (worn) {+Blink Int+2 Stlth+}
   (You found it on level 5 of the Lair of Beasts)

   It affects your intelligence (+2).
   It lets you blink.
   It makes you more stealthy.
 O - the +0 chain mail of the Iron City of Dis (worn) {Str+4}
   (You found it on level 9 of the Dungeon)

   It affects your strength (+4).
 Q - a +2 cloak of magic resistance (worn)
 R - a +0 pair of gloves (worn)
Jewellery
 j - an amulet of faith (around neck)
 D - a ring of resist corrosion (left hand)
 G - a ring of flight (right hand)
Wands
 k - a wand of iceblast (6/15)
 l - a wand of polymorph (3/24)
 o - a wand of lightning (8/15)
 u - a wand of lightning (7/15)
 y - a wand of slowing (31/48)
 B - a wand of digging (11/24)
 K - a wand of digging (9/24)
 L - a wand of iceblast (8/15)
Scrolls
 d - 5 scrolls of remove curse
 e - 8 scrolls of identify
 g - 4 scrolls of random uselessness {unknown}
 h - 3 scrolls of fog
 m - 2 scrolls of enchant weapon {unknown}
 n - 7 scrolls of fear
 p - a scroll of summoning {unknown}
 q - 2 scrolls of magic mapping
 t - 7 scrolls of teleportation
 P - 2 scrolls of recharging
 T - a scroll of vulnerability {unknown}
Potions
 a - 2 potions of heal wounds
 b - 9 potions of curing
 f - a potion of brilliance
 i - 3 potions of haste
 s - 3 potions of cancellation
 C - a potion of flight
 F - a potion of invisibility
 H - 2 potions of berserk rage {unknown}
 J - a potion of cure mutation
 N - a potion of might
 S - a potion of ambrosia
Books
 z - a book of Air

   Spells                             Type                      Level
   a - Shock                          Conjuration/Air              1
   b - Swiftness                      Charms/Air                   2
   c - Repel Missiles                 Charms/Air                   2
   d - Static Discharge               Conjuration/Air              3
   e - Lightning Bolt                 Conjuration/Air              5
   Trog disapproves of the use of such an item.
Comestibles
 c - 24 bread rations
 v - 8 meat rations
 x - 2 chunks of flesh
 A - 2 slices of pizza


   Skills:
 * Level 18.6 Fighting
 - Level 17.0 Polearms
 + Level 11.0 Armour
 - Level 2.6 Dodging
 + Level 5.4 Evocations


You had 14 spell levels left.
You didn't know any spells.

Dungeon Overview and Level Annotations

Branches:
Dungeon (10/15)            Temple (0/1) D:5            Lair (6/6) D:10
  Swamp (1/4) Lair:4        Snake (0/4) Lair:3        Slime (0/5) Lair:6
    Orc (2/2) D:10            Elf (0/3) Orc:2

Altars:
Sif Muna
Jiyva

Shops:
D:6 [   Orc:1 }


Message History

You hit the orc sorcerer.
The orc sorcerer's magic leaks into the air.
The orc sorcerer is lightly wounded.
The sun demon hits you but does no damage.
The orc sorcerer hits you with a dagger.
* * * LOW HITPOINT WARNING * * *
The orc warrior barely misses you.
You take 4 damage, and have 40/205 hp.
You closely miss the orc warrior.
The orc warrior is moderately wounded.
The sun demon barely misses you.
The orc sorcerer hits you but does no damage.
You barely miss the orc warrior.
The orc warrior is moderately wounded.
The orc warrior hits you with a mace!
* * * LOW HITPOINT WARNING * * *
The sun demon hits you!!
* * * LOW HITPOINT WARNING * * *
You are engulfed in flames!!
You die...

.......#######...................
.#...###
...รท##.................. ....##
.....###................ ...##
.......#........#...#).. ...#
.......##......#....)).. #o.#
......##.....#.<..#... #..##
.o.o.#......#.####.. ....#
#3o.##....#### ##. #.#.####
#@o.#.....# ## #.##...####
##)..#.#<..# # ....#.....#
###....#.##.##
#.......#####.....##..###
##...))......))..##..##
####.#).)....).##..##
###.......###....##
#...)..##..##...###
##...#...#.##.....##


You could see an orc high priest, a sun demon, 2 orc sorcerers and an orc
warrior.

Vanquished Creatures
  Rupert (Lair:4)
  A thorn hunter (Swamp:1)
  Kirke (Lair:5)
  The ghost of bear the Severer, a journeyman HOFi of Okawaru (Lair:6)
  A stone giant (Orc:2)
  Fannar (Lair:3)
  A fire dragon (Lair:6)
  7 hydras
  2 catoblepae (Lair:2)
  2 alligators (Swamp:1)
  Erica (Orc:1)
  2 orc high priests (Orc:2)
  Nergalle (D:10)
  A fire crab (Lair:6)
  A swamp dragon (Swamp:1)
  A hill giant (D:10)
  5 orc knights
  A lindwurm (Lair:6)
  Pikel (D:6)
  3 orc sorcerers
  3 elephants
  7 black mambas
  Joseph (D:8)
  Maurice (D:10)
  3 molten gargoyles (Lair:6)
  2 centaur skeletons (D:10)
  10 spiny frogs
  4 rime drakes
  8 komodo dragons
  3 trolls
  3 hornets (Swamp:1)
  2 tyrant leeches (Lair:4)
  Prince Ribbit (Lair:3)
  16 blink frogs
  8 hippogriffs
  A bog body (Swamp:1)
  10 dream sheep
  Sigmund (D:4)
  A shadow (Swamp:1)
  9 wyverns
  4 spriggans
  4 hogs (Lair:5)
  2 steam dragons (Lair:6)
  5 basilisks
  27 yaks
  A hungry ghost (D:9)
  Menkaure (D:6)
  6 swamp worms
  3 wargs
  Edmund (D:4)
  4 nagas (Lair:3)
  Duvessa (D:4)
  6 water moccasins
  3 hell hounds (Lair:6)
  6 porcupines
  5 swamp drakes
  18 orc warriors
  A sky beast (D:8)
  An ice beast (D:8)
  A necrophage (D:9)
  6 ogres
  A black bear (D:8)
  15 wolves
  7 centaurs
  13 crocodiles
  16 bullfrogs
  Dowan (D:4)
  A gnoll sergeant (D:10)
  A scorpion (D:8)
  6 killer bees
  5 wights (D:6)
  3 electric eels
  5 lava snakes (Lair:6)
  2 crimson imps
  A centaur zombie (D:6)
  A bullfrog zombie (D:5)
  A jelly (D:9)
  A gnoll shaman (Orc:2)
  17 orc priests
  Crazy Yiuf (D:6)
  4 hounds
  23 orc wizards
  A bullfrog skeleton (D:4)
  An iguana (D:5)
  Natasha (twice) (D:4)
  7 worker ants
  8 hell rats (Lair:5)
  A hound skeleton (D:5)
  A worker ant zombie (D:9)
  A howler monkey zombie (D:7)
  2 howler monkey skeletons
  5 river rats (Lair:5)
  8 adders
  7 gnolls
  2 shadow imps
  2 adder skeletons
  2 worms (D:2)
  2 dart slugs
  4 leopard geckos
  60 orcs
  2 ball pythons
  8 bats
  6 giant cockroaches
  8 goblins
  6 hobgoblins
  23 jackals
  4 quokkas
  6 frilled lizards
  A giant cockroach zombie (D:5)
  10 kobolds
  A quokka skeleton (D:5)
  15 rats
  2 fungi
568 creatures vanquished.

Vanquished Creatures (collateral kills)
  Nessos (Lair:5)
  2 hydras
  An orc knight (Orc:1)
  An elephant (Lair:6)
  A spiny frog (Lair:5)
  A torpor snail (Lair:6)
  A komodo dragon (Lair:2)
  2 blink frogs (Lair:6)
  A hippogriff (Lair:6)
  4 dream sheep (Lair:6)
  4 orc warriors
  An ogre (D:10)
  5 orc priests
  An orc wizard (Orc:1)
  7 orcs
  A rat (Lair:5)
34 creatures vanquished.

Vanquished Creatures (others)
  A deep elf mage (D:6)
  A wyvern (Lair:6)
  A human (Lair:5)
  2 slaves (D:6)
  A bullfrog (Lair:1)
  A scorpion (D:6)
  A hound (D:6)
  2 orc wizards (D:6)
  An adder (D:6)
  An orc (D:6)
  A ball python skeleton (D:6)
  22 fungi
  12 plants
  6 toadstools (Lair:2)
53 creatures vanquished.

Grand Total: 655 creatures vanquished

Notes
Turn   | Place    | Note
-------+----------+-------------------------------------------
     0 | D:1      | omegacute the Merfolk Berserker began the quest for the Orb.
     0 | D:1      | Reached XP level 1. HP: 18/18 MP: 1/1
   201 | D:2      | Reached skill level 5 in Polearms
   201 | D:2      | Reached XP level 2. HP: 18/24 MP: 2/2
   591 | D:1      | Reached XP level 3. HP: 29/29 MP: 3/3
  1414 | D:2      | Reached ** piety under Trog
  1790 | D:2      | Reached XP level 4. HP: 37/37 MP: 4/4
  2640 | D:3      | Reached skill level 4 in Fighting
  2875 | D:3      | Reached XP level 5. HP: 42/42 MP: 5/5
  2967 | D:4      | Noticed Natasha
  3261 | D:4      | Noticed an ogre
  3289 | D:4      | Killed an ogre
  3289 | D:4      | Reached XP level 6. HP: 49/49 MP: 6/6
  3529 | D:4      | Noticed Sigmund
  3545 | D:4      | Killed Sigmund
  3545 | D:4      | Reached skill level 5 in Fighting
  3545 | D:4      | Reached XP level 7. HP: 56/56 MP: 7/7
  3603 | D:4      | Noticed Dowan
  3604 | D:4      | Noticed Duvessa
  3610 | D:4      | Killed Duvessa
  3619 | D:4      | Killed Dowan
  3884 | D:4      | Noticed Edmund
  3893 | D:4      | Killed Edmund
  3993 | D:4      | Reached skill level 10 in Polearms
  3993 | D:4      | Reached XP level 8. HP: 35/64 MP: 8/8
  4302 | D:4      | Killed Natasha
  4302 | D:4      | Reached *** piety under Trog
  4319 | D:4      | Noticed Natasha
  4323 | D:4      | Killed Natasha
  4981 | D:5      | Entered Level 5 of the Dungeon
  5150 | D:5      | Reached skill level 6 in Fighting
  5165 | D:5      | Noticed a troll
  5177 | D:5      | Killed a troll
  5917 | D:5      | Found a staircase to the Ecumenical Temple.
  6117 | D:6      | Noticed Pikel
  6127 | D:6      | Killed Pikel
  6127 | D:6      | Reached skill level 7 in Fighting
  6127 | D:6      | Reached XP level 9. HP: 72/72 MP: 9/9
  6282 | D:6      | Noticed Menkaure
  6292 | D:6      | Killed Menkaure
  6401 | D:6      | Killed a deep elf mage
  6644 | D:6      | Found Xero Vuwku's Antique Armour Shoppe.
  6702 | D:6      | Bought a cloak for 94 gold pieces
  7062 | D:6      | Found a runed door.
  7066 | D:6      | Noticed Crazy Yiuf
  7069 | D:6      | Killed Crazy Yiuf
  7286 | D:6      | Reached skill level 5 in Armour
  7668 | D:7      | Found a deep blue altar of Sif Muna.
  8029 | D:7      | Reached **** piety under Trog
  8161 | D:7      | Reached skill level 8 in Fighting
  8366 | D:7      | Reached XP level 10. HP: 80/80 MP: 10/10
  8986 | D:8      | Noticed Joseph
  9035 | D:8      | Killed Joseph
  9586 | D:9      | Reached skill level 15 in Polearms
  9632 | D:9      | Got a transparent chain mail
  9648 | D:9      | Identified the cursed +0 chain mail of the Iron City of Dis {Str+4} (You found it on level 9 of the Dungeon)
  9731 | D:9      | Reached skill level 9 in Fighting
 10055 | D:10     | Entered Level 10 of the Dungeon
 10113 | D:10     | Noticed Nergalle
 10127 | D:10     | Killed Nergalle
 10259 | D:10     | Noticed Maurice
 10279 | D:10     | Killed Maurice
 10341 | D:10     | Found a staircase to the Lair.
 10423 | D:10     | Reached XP level 11. HP: 88/88 MP: 11/11
 10780 | D:10     | Got a slimy trident
 10781 | D:10     | Identified the cursed +1 trident "Caaxt" {elec, rPois rF+ Dex+2} (You found it on level 10 of the Dungeon)
 10914 | D:10     | Noticed a hill giant
 10947 | D:10     | Killed a hill giant
 11018 | D:10     | Found a staircase to the Orcish Mines.
 11238 | D:10     | Reached skill level 10 in Fighting
 11372 | Lair:1   | Entered Level 1 of the Lair of Beasts
 11904 | Lair:1   | Reached ***** piety under Trog
 12108 | Lair:1   | Reached skill level 11 in Fighting
 12980 | Lair:2   | Noticed a six-headed hydra
 12989 | Lair:2   | Killed a six-headed hydra
 12989 | Lair:2   | Reached XP level 12. HP: 102/102 MP: 12/12
 13079 | Lair:2   | Reached skill level 12 in Fighting
 13224 | Lair:2   | Noticed an eight-headed hydra
 13256 | Lair:2   | Killed an eight-headed hydra
 13755 | Lair:2   | Found a runed door.
 13939 | Lair:2   | Noticed a catoblepas
 13939 | Lair:2   | Noticed a catoblepas
 14010 | Lair:2   | Killed a catoblepas
 14013 | Lair:2   | Killed a catoblepas
 14013 | Lair:2   | Reached skill level 13 in Fighting
 14476 | Lair:3   | Noticed Prince Ribbit
 14488 | Lair:3   | Killed Prince Ribbit
 14687 | Lair:3   | Found a staircase to the Snake Pit.
 15055 | Lair:3   | Noticed Fannar
 15066 | Lair:3   | Killed Fannar
 15066 | Lair:3   | Reached skill level 14 in Fighting
 15669 | Lair:4   | Reached XP level 13. HP: 96/113 MP: 13/13
 15932 | Lair:4   | Found a staircase to the Swamp.
 16114 | Lair:4   | Noticed Rupert
 16128 | Lair:4   | Killed Rupert
 16274 | Lair:4   | Got a slimy spear
 16275 | Lair:4   | Identified the +4 spear "Zung" {drain, rElec Int+4} (You found it on level 4 of the Lair of Beasts)
 16292 | Lair:4   | Reached skill level 15 in Fighting
 16328 | Lair:4   | Noticed Nessos
 18318 | Lair:5   | Killed Nessos
 18633 | Lair:5   | Noticed Kirke
 18661 | Lair:5   | Killed Kirke
 19032 | Lair:5   | Reached skill level 16 in Fighting
 19097 | Lair:5   | Got a jewelled helmet
 19108 | Lair:5   | Identified the cursed +0 helmet of the Tick {+Blink Int+2 Stlth+} (You found it on level 5 of the Lair of Beasts)
 19543 | Lair:6   | Entered Level 6 of the Lair of Beasts
 20079 | Lair:6   | Reached skill level 10 in Armour
 20200 | Lair:6   | Reached XP level 14. HP: 121/126 MP: 14/14
 20243 | Lair:6   | Received a gift from Trog
 20259 | Lair:6   | Noticed bear's ghost (journeyman HOFi)
 20278 | Lair:6   | Killed bear's ghost
 20467 | Lair:6   | Reached skill level 17 in Fighting
 20505 | Lair:6   | Found a viscous altar of Jiyva.
 20505 | Lair:6   | Found a staircase to the Slime Pits.
 20706 | Lair:6   | Received a gift from Trog
 21071 | Lair:6   | Found a large runed door.
 21093 | Lair:6   | Reached skill level 1 in Evocations
 21118 | Lair:6   | Found a large runed door.
 21923 | Swamp:1  | Entered Level 1 of the Swamp
 22827 | Swamp:1  | Noticed a thorn hunter
 22847 | Swamp:1  | Killed a thorn hunter
 23197 | Swamp:1  | Reached skill level 18 in Fighting
 23630 | Swamp:1  | Received a gift from Trog
 24037 | Orc:1    | Entered Level 1 of the Orcish Mines
 24037 | Orc:1    | Found Caicloyb's Gadget Boutique.
 24042 | Orc:1    | Noticed Erica
 24056 | Orc:1    | Killed Erica
 24483 | Orc:1    | Reached XP level 15. HP: 136/136 MP: 6/18
 24854 | Orc:2    | Entered Level 2 of the Orcish Mines
 25057 | Orc:2    | Found a staircase to the Elven Halls.
 25082 | Orc:2    | Reached skill level 5 in Evocations
 25972 | Orc:2    | HP: 8/205 [sun demon[an orc sorcerer] (18)]
 25972 | Orc:2    | Mangled by a sun demon

Skill      XL: |  1  2  3  4  5  6  7  8  9 10 11 12 13 14 15 |
---------------+----------------------------------------------+-----
Polearms       | 5 6 7 8 10 12 14 16 17 | 17.0
Fighting       | 4 5 7 8 9 11 14 16 18 | 18.6
Armour         | 2 3 4 5 6 7 8 10 11 | 11.0
Evocations     | 4 5 |  5.4
Dodging        | |  2.6

Action                   |  1- 3 |  4- 6 |  7- 9 | 10-12 | 13-15 || total
-------------------------+-------+-------+-------+-------+-------++-------
Melee: Spear             |   143 |   121 |       |       |       ||   264
       Scythe            |       |       |   230 |       |       ||   230
       Trident           |       |       |   137 |   617 |   650 ||  1404
       Tailslap          |       |       |       |     1 |    28 ||    29
       Bardiche          |       |       |       |       |   164 ||   164
Invok: Berserk           |     4 |     4 |    17 |    15 |    18 ||    58
       Trog's Hand       |       |       |     4 |     3 |     7 ||    14
       Burn Spellbooks   |       |       |     1 |       |     2 ||     3
       Brothers in Arms  |       |       |       |     5 |     9 ||    14
  Use: Scroll            |       |       |     1 |    22 |     2 ||    25
       Potion            |       |       |       |     1 |     4 ||     5
 Stab: Confused          |       |       |       |     2 |       ||     2
       Distracted        |       |       |       |       |     3 ||     3
  Eat: Chunk             |     6 |     9 |    29 |    39 |    46 ||   129
       Beef jerky        |       |       |     3 |     2 |     2 ||     7
       Fruit             |       |       |       |       |     2 ||     2
       Pizza             |       |       |       |       |     2 ||     2
Armor: Animal skin       |     6 |       |       |       |       ||     6
       Chain mail        |    38 |    36 |   165 |   178 |   281 ||   698
       Ring mail         |     4 |       |       |       |       ||     4
       Plate armour      |       |       |    65 |    21 |       ||    86
Dodge: Dodged            |    49 |    17 |   161 |   117 |   267 ||   611
